 Dungeon Crawl Stone Soup version 0.28.0-53-g5a82cb258f (webtiles) character file.

Game seed: 12512182082951478945

83 Atelerd the Sneak (level 4, -2/27 HPs)
             Began as an Octopode Earth Elementalist on July 12, 2022.
             Slain by an orc wizard
             ... wielding a +0 dagger
              (5 damage)
             ... on level 3 of the Dungeon.
             The game lasted 00:01:26 (2518 turns).

Atelerd the Sneak (Octopode Earth Elementalist)     Turns: 2518, Time: 00:01:26

Health: -2/27      AC:  1    Str:  7    XL:     4   Next: 44%
Magic:  8/8        EV: 13    Int: 19    God:
Gold:   88         SH:  0    Dex: 12    Spells: 7/8 levels left

rFire   + + .      SeeInvis .   d - +0 dagger
rCold   + . .      Faith    .   (no shield)
rNeg    . . .      Spirit   .   (helmet restricted)
rPois   .          Reflect  .   (no amulet)
rElec   .          Harm     .   f - ring of protection from fire
rCorr   .          Rampage  .   (no ring)
Will    .....                   (no ring)
Stlth   ++........              (no ring)
HPRegen 0.09/turn               (no ring)
MPRegen 0.11/turn               (no ring)
                                (no ring)
                                (no ring)

@: confused
A: almost no armour, amphibious, 8 rings, camouflage 1, gelatinous body 1,
(nimble swimmer 1), tentacles, cold resistance 1, fire resistance 1
a: no special abilities


You were on level 3 of the Dungeon.
You visited 1 branch of the dungeon, and saw 3 of its levels.

You collected 88 gold pieces.

Inventory:

Hand Weapons
 d - a +0 dagger (weapon)
Jewellery
 f - a ring of protection from fire (left tentacle)
 g - a ring of protection from cold
Scrolls
 c - a scroll of identify {unknown}
Potions
 a - a potion of berserk rage {unknown}
 h - a potion of magic {unknown}


   Skills:
 - Level 2.0 Dodging
 + Level 4.0 Stealth
 + Level 2.7 Spellcasting
 + Level 2.1 Transmutations
 + Level 3.5 Earth Magic


You had 7 spell levels left.
You knew the following spells:

 Your Spells              Type           Power      Damage    Failure   Level
a - Sandblast             Erth           32%        2d9       3%          1

Your spell library contained the following spells:

 Spells                   Type           Power      Damage    Failure   Level
 Passwall                 Tmut/Erth      10%        N/A       8%          2
 Stone Arrow              Conj/Erth      18%        3d8       22%         3
 Blink                    Tloc           4%         N/A       24%         2
 Petrify                  Tmut/Erth      13%        N/A       43%         4
 Manifold Assault         Tloc           2%         N/A       99%         5
 Storm Form               Tmut/Air       3%         N/A       100%        7


Dungeon Overview and Level Annotations

Branches:
Dungeon (3/15)

Altars:


Innate Abilities, Weirdness & Mutations

You cannot wear most types of armour.
You are amphibious.
You can wear up to eight rings at the same time.
Your skin changes colour to match your surroundings (Stealth+).
Your rubbery body absorbs attacks. (AC +1, EV +1)
((You are camouflaged when in or above water. (Stealth+)))
You have tentacles for arms and can constrict up to eight enemies at once.
Your flesh is cold resistant. (rC+)
Your flesh is heat resistant. (rF+)


Message History

An orc comes into view. It is wielding a +0 short sword.
The adder hisses angrily.
You hit the orc wizard. You grab the orc wizard.
The orc wizard is lightly wounded.
You constrict the orc wizard, but do no damage.
The adder barely misses you.
The orc wizard hits you with a +0 dagger.
You hit the orc wizard.
The orc wizard is moderately wounded.
You constrict the orc wizard. The adder misses you. The orc wizard misses you.
The adder bites you but does no damage.
You hit the orc wizard. Your squeeze misses the orc wizard.
The orc wizard is heavily wounded.
You constrict the orc wizard, but do no damage.
The orc hits you from afar with a +0 trident!
The orc wizard gestures at you while chanting.
You are confused.
The adder bites you.
You are poisoned.
The adder poisons you!
The orc wizard casts a spell.
The orc wizard flickers and vanishes!
Deactivating autopickup; reactivate with Ctrl-A.
It was a potion of curing.
You feel better.
You constrict the orc wizard. The adder closely misses you.
The orc hits you from afar with a +0 trident!
* * * LOW HITPOINT WARNING * * *
The orc wizard hits you with a +0 dagger.
* * * LOW HITPOINT WARNING * * *
You release your grip on the orc wizard.
The adder barely misses you.
The orc wizard gestures at you while chanting.
You are confused.
The orc hits you from afar with a +0 trident.
* * * LOW HITPOINT WARNING * * *
It was a potion of mutation.
You feel extremely strange.
You feel resistant to heat.
You feel resistant to cold. The orc misses you.
The orc wizard hits you with a +0 dagger.
You die...

... #........#.#.....#...
#.... #........#.#.........
#....##...... #.#.....##..
#........#.# #.#..##.#...
#..........# #.#...#...).
........o### #.#.#.###...
.........# #.#.#.#<#...
........o#######.#.#.#.#...
..#..†.oS@...##.......#...
. #...$..o..........###...
#.......................
######..................
#.....####.........
....................
.############........ .
############.....
#................


You could see an orc wizard, an adder and 2 orcs.

Vanquished Creatures
  Terence (D:2)
  An adder (D:3)
  2 worms (D:2)
  4 dart slugs (D:1)
  4 ball pythons
  6 endoplasms
  2 giant cockroaches (D:1)
  2 goblins
  3 hobgoblins
  2 quokkas (D:2)
  3 bats
  2 frilled lizards (D:1)
  3 kobolds (D:1)
  2 rats (D:1)
37 creatures vanquished.

Notes
Turn   | Place    | Note
-------+----------+-------------------------------------------
     0 | D:1      | Atelerd the Octopode Earth Elementalist began the quest for
                  | the Orb.
     0 | D:1      | Reached XP level 1. HP: 11/11 MP: 3/3
    85 | D:1      | Reached skill level 3 in Stealth
    85 | D:1      | Reached XP level 2. HP: 2/17 MP: 0/5
   945 | D:1      | Reached XP level 3. HP: 16/21 MP: 1/6
  2168 | D:2      | Noticed Terence
  2176 | D:2      | Killed Terence
  2177 | D:2      | Reached XP level 4. HP: 22/27 MP: 7/7
  2321 | D:2      | You fall into a shaft and drop 1 floor!
  2352 | D:3      | Reached skill level 4 in Stealth
  2518 | D:3      | Gained mutation: Your flesh is heat resistant. (rF+)
                  | [potion of mutation]
  2518 | D:3      | Gained mutation: Your flesh is cold resistant. (rC+)
                  | [potion of mutation]
  2518 | D:3      | Slain by an orc wizard

Illustrated notes

Levels and vault maps discovered:
D:1:      erik_arrival_triangle_medium, layout_basic
D:2:      layout_loops_ring, uniq_terence, uniq_crazy_yiuf_cottage
D:3:      layout_basic, shapermc_ecumenical_altar_ellora, grunt_ministairs_10

Skill      XL: |  1  2  3  4 |
---------------+-------------+-----
Stealth        | 3 4 |  4.0
Transmutations | 2 |  2.1
Dodging        | |  2.0
Spellcasting   | |  2.7
Earth Magic    | |  3.5

Action                   |  1- 3 |  4- 6 || total
-------------------------+-------+-------++-------
Melee: Unarmed           |    19 |       ||    19
       Constrict         |     9 |     4 ||    13
       Tentacles         |     9 |     4 ||    13
       Dagger            |    26 |    13 ||    39
       Punch             |     1 |       ||     1
 Cast: Sandblast         |    31 |       ||    31
  Use: Potion            |       |     2 ||     2
 Stab: Sleeping          |     3 |     1 ||     4
Armor: Skin              |     3 |     1 ||     4
Dodge: Dodged            |    28 |    11 ||    39
